 Dungeon Crawl Stone Soup version 0.30-a0-365-ge7f957f1db (webtiles) character file.

Game seed: 7870490262803933174

39 Manisia the Chopper (level 3, 0/27 HPs)
             Began as a Demonspawn Gladiator on Nov 16, 2022.
             Slain by a gnoll
             ... wielding a +0 spear
             ... led by a gnoll bouda
              (4 damage)
             ... on level 3 of the Dungeon.
             The game lasted 00:02:34 (1714 turns).

Manisia the Chopper (Demonspawn Gladiator)          Turns: 1714, Time: 00:02:34

Health: 0/27       AC:  6    Str: 21    XL:     3   Next: 28%
Magic:  3/3        EV: 16    Int:  9    God:
Gold:   165        SH:  6    Dex: 14    Spells: 2/2 levels left

rFire   + . .      SeeInvis .    a - +1 war axe
rCold   . . .      Faith    .    (no shield)
rNeg    . . .      Spirit   .    i - +2 leather armour "Yrestrif" {rF+ Str+5}
rPois   .          Reflect  .    c - +0 helmet
rElec   .          Harm     .    (no cloak)
rCorr   .          Rampage  .    (no gloves)
Will    .....                    (no boots)
Stlth   +.........               (no amulet)
HPRegen 0.24/turn                j - +4 ring of evasion
MPRegen 0.08/turn                (no ring)

@: weakened
A: large bone plates 2
a: no special abilities


You were on level 3 of the Dungeon.
You visited 1 branch of the dungeon, and saw 3 of its levels.

You collected 165 gold pieces.

Inventory:

Hand Weapons
 a - a +1 war axe (weapon)
Missiles
 d - 3 throwing nets (quivered)
 e - a javelin
Armour
 b - a +0 leather armour
 c - a +0 helmet (worn)
 i - the +2 leather armour "Yrestrif" (worn) {rF+ Str+5}
   (You found it on level 2 of the Dungeon)

   Str:       It affects your strength (+5).
   rF:        It protects you from fire.
Jewellery
 g - a ring of wizardry
 j - a +4 ring of evasion (left hand)
Potions
 h - 2 potions of degeneration
 k - a potion of brilliance
 n - a potion of attraction


   Skills:
 + Level 2.1 Fighting
 + Level 3.3 Axes
 + Level 1.7 Throwing
 + Level 1.0 Armour
 + Level 3.0 Dodging
 + Level 0.3 Shields


You had 2 spell levels left.
You didn't know any spells.
Your spell library contained the following spells:

 Spells                   Type           Power      Damage    Failure   Level
 Ensorcelled Hibernation  Hex/Ice        0%         N/A       56%         2
 Passwall                 Tmut/Erth      0%         N/A       56%         2
 Swiftness                Air            0%         N/A       80%         3


Dungeon Overview and Level Annotations

Branches:
Dungeon (3/15)

Altars:


Innate Abilities, Weirdness & Mutations

You are mostly covered in large bone plates. (SH +6)


Message History

The gnoll hits you from afar with a +0 spear.
The gnoll hits the plant with a +0 spear.
The gnoll hits the plant with a +0 flail.
The plant begins to die.
You hit the gnoll bouda.
The gnoll bouda is lightly wounded.
You slash the plant! You hit the plant. The gnoll misses you.
The gnoll hits the plant with a +0 spear!
The gnoll hits the plant with a +0 flail!
The gnoll hits the plant with a +0 club!
You block the gnoll's attack.
You hit the gnoll bouda but do no damage.
The gnoll bouda is lightly wounded.
You hit the plant. You slash the plant!
A nearby plant withers and dies. x3
The gnoll bouda closely misses you. You block the gnoll's attack.
The gnoll closely misses you. The gnoll barely misses you.
Unknown command.
You hit the gnoll bouda.
The gnoll bouda is moderately wounded.
You hit the gnoll. x2; A nearby plant withers and dies. x2
The gnoll bouda hits you with a +0 club!
You block the gnoll's attack.
The gnoll hits you from afar with a +0 spear.
The gnoll completely misses you. The gnoll closely misses you.
The hobgoblin hits you.
The gnoll bouda gazes fiercely through you!
You feel your attacks grow feeble. The gnoll bouda closely misses you.
You block the gnoll's attack.
You are too injured to fight recklessly!
Unknown command.
Okay, then.
You aren't carrying any scrolls.
The gnoll attacks as you move away! The gnoll closely misses you.
You block the gnoll's attack. x2; The hobgoblin misses you.
You block the gnoll's attack. The hobgoblin attacks as you move away!
The hobgoblin closely misses you.
The gnoll hits you from afar with a +0 spear!
* * * LOW HITPOINT WARNING * * *
The gnoll hits you with a +0 spear.
You die...

#####.##.....#
#......#.###.#
#.#.#..#<#
#.#.#..#####
#.)..........
#...############
...#...####.......#
^..........gg...PP..
....##....@.gg...P..
.... #.....gg..P..P.
... ####........PP.
. #.#.........
#.#...P.PP..
#.#..P.PP...
#........P.#
###..:..... #######


You could see a gnoll bouda, 4 gnolls and a hobgoblin.

Vanquished Creatures
  A dart slug (D:3)
  4 endoplasms
  5 giant cockroaches
  3 goblins (D:1)
  A hobgoblin (D:2)
  10 kobolds
  3 quokkas
  3 bats (D:1)
  2 frilled lizards (D:1)
  2 rats (D:1)
34 creatures vanquished.

Vanquished Creatures (others)
  10 plants (D:3)
10 creatures vanquished.

Grand Total: 44 creatures vanquished

Notes
Turn   | Place    | Note
-------+----------+-------------------------------------------
     0 | D:1      | Manisia the Demonspawn Gladiator began the quest for the
                  | Orb.
     0 | D:1      | Reached XP level 1. HP: 16/16 MP: 1/1
   132 | D:1      | Gained mutation: You are partially covered in large bone
                  | plates. (SH +4) [demonic ancestry]
   132 | D:1      | Reached XP level 2. HP: 21/22 MP: 2/2
   971 | D:2      | Identified the +2 leather armour "Yrestrif" {rF+ Str+5}
  1082 | D:2      | Gained mutation: You are mostly covered in large bone
                  | plates. (SH +6) [demonic ancestry]
  1082 | D:2      | Reached XP level 3. HP: 27/27 MP: 3/3
  1325 | D:2      | Reached skill level 1 in Armour
  1714 | D:3      | Slain by a gnoll

Illustrated notes

Levels and vault maps discovered:
D:1:      minmay_arrival_semitransparent, layout_loops_ring,
          grunt_decor_arrowhead
D:2:      layout_loops_corners, dreamdust_princess_corridor,
          minmay_misc_feat_iff
D:3:      layout_basic, grunt_temple_overflow_gold_and_silver,
          ebering_ecumenical_altar_sacrificial, nicolae_grassy_gnolls

Skill      XL: |  1  2  3 |
---------------+----------+-----
Dodging        | 3 |  3.0
Axes           | 3 |  3.3
Armour         | 1 |  1.0
Fighting       | |  2.1
Throwing       | |  1.7
Shields        | |  0.3

Action                   || total
-------------------------++-------
Melee: War axe           ||    93
  Use: Scroll            ||     7
 Stab: Sleeping          ||     1
Armor: Leather armour    ||    26
Dodge: Dodged            ||    57
Block: Other             ||    17

Table legend: (Time is in decaauts)
 A = Elapsed time spent in this place.
 B = Non-inter-level travel time spent in this place.
 C = Inter-level travel time spent in this place.
 D = Time resting spent in this place.
 E = Time spent auto-exploring this place.
 F = Levels seen in this place.
 G = Mean time per level.
                   A        B        C        D        E       F      G
               +--------+--------+--------+--------+--------+-----+--------+
         Total |   1745 |   1683 |     62 |      0 |   1381 |   3 |  581.7 |
       Dungeon |   1745 |   1683 |     62 |      0 |   1381 |   3 |  581.7 |
               +--------+--------+--------+--------+--------+-----+--------+

Top non-repeatable levels by time:
     D:2: 868 daAuts
     D:1: 813 daAuts
     D:3: 63 daAuts
